 Dungeon Crawl Stone Soup version 0.25.0 (webtiles) character file.

Game seed: 6277418378516060347

132 snowfan the Magician (level 4, 0/24 HPs)
             Began as a Deep Elf Fire Elementalist on June 12, 2020.
             Was an Initiate of Vehumet.
             Slain by an orc (3 damage)
             ... on level 3 of the Dungeon.
             The game lasted 00:12:43 (3106 turns).

snowfan the Magician (Deep Elf Fire Elementalist)   Turns: 3106, Time: 00:12:44

Health: 0/24       AC:  2    Str:  5    XL:     4   Next: 92%
Magic:  11/13      EV: 13    Int: 21    God:    Vehumet [......]
Gold:   138        SH:  0    Dex: 21    Spells: 7/14 levels left

rFire    . . .     SeeInvis +   b - +0 club
rCold    . . .     Gourm    .   (no shield)
rNeg     . . .     Faith    .   a - +0 robe
rPois    .         Spirit   .   (no helmet)
rElec    .         Reflect  .   o - scarf {repulsion}
rCorr    .         Harm     .   (no gloves)
MR       .....                  (no boots)
Stlth    ++........             f - amulet of regeneration
HPRegen  0.48/turn              e - ring of see invisible
MPRegen  0.13/turn              h - +6 ring of dexterity

@: repel missiles
A: no striking features
a: Renounce Religion


You were on level 3 of the Dungeon.
You worshipped Vehumet.
Vehumet was noncommittal.
You were not hungry.

You visited 1 branch of the dungeon, and saw 3 of its levels.

You collected 138 gold pieces.

Inventory:

Hand Weapons
 b - a +0 club (weapon)
Missiles
 n - 72 stones (quivered)
 r - 19 sling bullets
Armour
 a - a +0 robe (worn)
 o - a scarf of repulsion (worn)
Jewellery
 e - a ring of see invisible (left hand)
 f - an amulet of regeneration (around neck)
 h - a +6 ring of dexterity (right hand)
 t - an uncursed ring of protection from fire
Wands
 u - a wand of digging (7)
Scrolls
 j - 2 scrolls of identify {unknown}
 m - 3 scrolls of fog {unknown}
 s - a scroll of amnesia {unknown}
 w - a scroll of enchant armour {unknown}
 x - a scroll of remove curse {unknown}
Potions
 d - a potion of degeneration {unknown}
 g - 2 potions of curing {unknown}
 i - a potion of flight {unknown}
 k - a potion of might {unknown}
 p - a potion of brilliance {unknown}
 q - a potion of magic {unknown}
 v - a potion of invisibility {unknown}
Comestibles
 c - 7 rations
 z - 3 chunks of flesh


   Skills:
 - Level 2.4 Dodging
 - Level 2.4 Stealth
 + Level 5.9 Spellcasting
 - Level 2.3 Conjurations
 - Level 3.9 Fire Magic


You had 7 spell levels left.
You knew the following spells:

 Your Spells              Type           Power        Failure   Level  Hunger
a - Foxfire               Conj/Fire      ###.         2%          1    None
d - Conjure Flame         Conj/Fire      ###.....     9%          3    ##.....
x - Inner Flame           Hex/Fire       ##......     13%         3    ##.....

Your spell library contained the following spells:

 Spells                   Type           Power        Failure   Level  Hunger
 Sticky Flame             Conj/Fire      ###.....     26%         4    ####...
 Fireball                 Conj/Fire      ###.......   58%         5    #####..


Dungeon Overview and Level Annotations

Branches:
Dungeon (3/15)

Altars:
Cheibriados
Dithmenos
Okawaru
Qazlal
Vehumet
Xom


Message History

Casting: Foxfire (safe; 2% risk of failure)
Confirm with . or Enter, or press ? or * to list all spells.
You don't know that spell.
Casting: Foxfire (safe; 2% risk of failure)
Confirm with . or Enter, or press ? or * to list all spells.
You conjure some foxfire!
The orc priest hits you with a +0 war axe.
* * * LOW HITPOINT WARNING * * *
You closely miss the orc priest.
The orc priest is moderately wounded.
The foxfire hits the orc.
The orc is severely wounded.
The foxfire hits the orc priest.
The orc priest is heavily wounded.
The orc priest miscasts a cantrip.
The orc priest invokes the aid of Beogh against you.
Pain shoots through your body!
* * * LOW HITPOINT WARNING * * *
The orc hits you.
You die...

#############
#...........#
#........÷..#
#######...........#
#..goo'o.@........+
#'#####oo§........########
#######....###...^..
#.#..# #...... #.#..#
#...... ..#..# #......
####..# #......
#..###...... ..#....#
#...........


You could see an orc priest, 4 orcs and a hobgoblin.

Vanquished Creatures
  An orc wizard (D:3)
  4 oozes
  2 dart slugs (D:1)
  3 leopard geckos
  4 orcs
  A ball python (D:3)
  7 giant cockroaches
  13 goblins
  5 hobgoblins
  5 jackals (D:2)
  7 bats
  2 frilled lizards (D:1)
  9 kobolds
  7 rats
70 creatures vanquished.

Vanquished Creatures (collateral kills)
  A frilled lizard (D:2)
1 creature vanquished.

Vanquished Creatures (others)
  164 foxfires
164 creatures vanquished.

Grand Total: 235 creatures vanquished

Notes
Turn   | Place    | Note
-------+----------+-------------------------------------------
     0 | D:1      | snowfan the Deep Elf Fire Elementalist began the quest for
                  | the Orb.
     0 | D:1      | Reached XP level 1. HP: 10/10 MP: 6/6
   231 | D:1      | Reached skill level 4 in Spellcasting
   231 | D:1      | Reached XP level 2. HP: 15/15 MP: 7/9
   675 | D:1      | Reached XP level 3. HP: 19/19 MP: 9/11
   727 | D:1      | Learned a level 3 spell: Conjure Flame
   731 | D:1      | Learned a level 3 spell: Inner Flame
   752 | D:1      | Reached skill level 5 in Spellcasting
  1837 | D:2      | Reached XP level 4. HP: 24/24 MP: 9/13
  2156 | D:2      | Found a faded altar of an unknown god.
  2156 | D:2      | Found a shadowy altar of Dithmenos.
  2161 | D:2      | Found an iron altar of Okawaru.
  2163 | D:2      | Found a snail-covered altar of Cheibriados.
  2165 | D:2      | Found a stormy altar of Qazlal.
  2278 | D:2      | Found a shimmering altar of Xom.
  2683 | D:3      | Found a radiant altar of Vehumet.
  2690 | D:3      | Became a worshipper of Vehumet
  3106 | D:3      | Slain by an orc

Illustrated notes

Levels and vault maps discovered:
D:1:      matt_arrival_refuge, layout_loops_ring, minmay_hexomino_p4
D:2:      layout_loops_ring, lemuel_coloured_pillars_altar,
          chequers_temple_overflow_minitemple, first_ration, serial_bayou_pond_e
D:3:      layout_basic, old_standard_altar

Skill      XL: |  1  2  3  4 |
---------------+-------------+-----
Spellcasting   | 4 5 |  5.9
Conjurations   | 2 |  2.3
Dodging        | |  2.4
Stealth        | |  2.4
Fire Magic     | |  3.9

Action                   |  1- 3 |  4- 6 || total
-------------------------+-------+-------++-------
Melee: Unarmed           |     1 |       ||     1
       Club              |    23 |    10 ||    33
 Cast: Foxfire           |    73 |    41 ||   114
  Use: Scroll            |       |     1 ||     1
 Stab: Sleeping          |     1 |       ||     1
  Eat: Chunk             |     3 |     4 ||     7
Armor: Robe              |     6 |     2 ||     8
Dodge: Dodged            |    21 |    21 ||    42
       Repelled          |     2 |     2 ||     4
